 Dungeon Crawl Stone Soup version 0.26.1-11-gd32895ea62 (webtiles) character file.

Game seed: 7436616417896727272

4568 phalm the Conjurer (level 10, -2/76 HPs)
             Began as a Demonspawn Conjurer on June 24, 2021.
             Was an Initiate of Gozag.
             Slain by an elephant (8 damage)
             ... on level 9 of the Dungeon.
             The game lasted 00:17:42 (9061 turns).

phalm the Conjurer (Demonspawn Conjurer)            Turns: 9061, Time: 00:17:43

Health: -2/76      AC: 11    Str:  7    XL:     10   Next: 18%
Magic:  0/18       EV: 12    Int: 31    God:    Gozag
Gold:   1137       SH:  0    Dex: 18    Spells: 9/20 levels left

rFire    . . .     SeeInvis .   K - +3 whip "Sidintit" {chaos, Int+4 Dex+5 Stlth+}
rCold    + . .     Faith    .   (no shield)
rNeg     + . .     Spirit   +   H - +0 steam dragon scales
rPois    +         Reflect  .   (helmet unavailable)
rElec    .         Harm     .   P - +2 ratskin cloak {*Rats rPois rN+ Str-1 Int-1 Dex+1}
rCorr    .         Rampage  .   w - +0 pair of gloves
Will     .....                  (no boots)
Stlth    +++.......             (no amulet)
HPRegen  0.22/turn              C - ring of protection from cold
MPRegen  0.32/turn              I - +6 ring of intelligence

@: no status effects
A: horns 3, iridescent scales 1, magic shield, magic regeneration
a: Renounce Religion, Potion Petition, Call Merchant, Bribe Branch


You were on level 9 of the Dungeon.
You worshipped Gozag.
Gozag was most pleased with you.
You visited 2 branches of the dungeon, and saw 10 of its levels.

You collected 1405 gold pieces.
You spent 220 gold pieces at shops.
You paid 48 gold pieces to Gozag.


Innate Abilities, Weirdness & Mutations

You have a pair of large horns on your head.
You are partially covered in iridescent scales. (AC +2)
When hurt, damage is shared between your health and your magic reserves.
You regenerate magic rapidly.


   Skills:
 + Level 5.8 Fighting
 - Level 1.7 Dodging
 - Level 1.7 Stealth
 + Level 5.8 Spellcasting
 + Level 7.8 Conjurations
 * Level 6.9 Hexes
 * Level 6.7 Translocations


You had 9 spell levels left.
You knew the following spells:

 Your Spells              Type           Power        Failure   Level
f - Fulminant Prism       Conj/Hex       26%          2%          4
m - Magic Dart            Conj           100%         1%          1
s - Searing Ray           Conj           100%         1%          2
X - Iskenderun's Mystic   Conj/Tloc      53%          2%          4

Your spell library contained the following spells:

 Spells                   Type           Power        Failure   Level
 Confusing Touch          Hex            51%          1%          3
 Dazzling Flash           Conj/Hex       100%         1%          3
 Gell's Gravitas          Tloc           25%          1%          3
 Metabolic Englaciation   Hex/Ice        15%          32%         5
 Yara's Violent Unravell  Hex/Tmut       15%          32%         5
 Petrify                  Tmut/Erth      8%           45%         4

Inventory:

Hand Weapons
 a - a +2 dagger of venom
   (You took it off an orc on level 6 of the Dungeon)
 b - a +0 hand crossbow
   (You found it on level 6 of the Dungeon)
 K - the +3 whip "Sidintit" (weapon) {chaos, Int+4 Dex+5 Stlth+}
   (You took it off a kobold on level 3 of the Dungeon)

   Each time it hits an enemy it has a different, random effect.
   It affects your intelligence (+4).
   It affects your dexterity (+5).
   It makes you more stealthy.
 M - a +1 whip of distortion {!w}
   (You took it off a big kobold on level 3 of the Dungeon)
Missiles
 e - 273 stones
 l - 12 javelins (quivered)
 n - 104 sling bullets
 r - 171 arrows
 s - 60 bolts
 Q - 3 silver boomerangs
 R - 3 boomerangs of dispersal {=f!f}
Armour
 w - a +0 pair of gloves (worn)
   (You found it on level 5 of the Dungeon)
 H - +0 steam dragon scales (worn)
   (You took it off Maggie on level 7 of the Dungeon)
 P - the +2 ratskin cloak (worn) {*Rats rPois rN+ Str-1 Int-1 Dex+1}
   (You found it on level 5 of the Dungeon)

   It affects your strength (-1).
   It affects your intelligence (-1).
   It affects your dexterity (+1).
   It protects you from poison.
   It protects you from negative energy.
Magical Staves
 y - an uncursed staff of cold
   (You found it on level 6 of the Dungeon)
Jewellery
 C - a ring of protection from cold (left hand)
   (You found it on level 8 of the Dungeon)
 F - an uncursed ring of fire
   (You found it on level 2 of the Dungeon)
 I - a +6 ring of intelligence (right hand)
   (You found it on level 4 of the Dungeon)
 N - an uncursed ring of positive energy
   (You found it on level 6 of the Dungeon)
 O - a +4 ring of protection
   (You found it on level 1 of the Dungeon)
Wands
 p - a wand of paralysis (2)
   (You took it off a kobold on level 3 of the Dungeon)
 t - a wand of random effects (32)
   (You found it on level 3 of the Dungeon)
Scrolls
 c - 6 scrolls of remove curse {@r2}
 f - 4 scrolls of blinking {!r}
 i - 3 scrolls of amnesia
 o - 8 scrolls of teleportation {unknown}
 q - 2 scrolls of fog
 z - 2 scrolls of enchant weapon
 E - a scroll of brand weapon
 G - a scroll of immolation {!r!r}
 L - a scroll of enchant armour
Potions
 d - 2 potions of resistance {unknown}
 g - 4 potions of curing {@q1}
 h - 4 potions of lignification {unknown}
 j - 4 potions of degeneration {unknown}
 k - 2 potions of attraction {unknown}
 m - 2 potions of heal wounds {@q2}
 u - a potion of cancellation {unknown}
 v - 2 potions of mutation {unknown}
 x - 2 potions of haste {unknown}
 A - a potion of berserk rage {unknown}
 B - 2 potions of invisibility {unknown}
 D - a potion of brilliance {unknown}
 J - 2 potions of flight {unknown}
 S - a potion of magic
 T - a potion of might

Dungeon Overview and Level Annotations

Branches:
Dungeon (9/15)             Temple (1/1) D:4
   Lair: D:8-11         Orc: D:9-12

Altars:
Ashenzari
Cheibriados
Elyvilon
Fedhas
Gozag
Hepliaklqana
Kikubaaqudgha
Makhleb
Sif Muna
Trog
Vehumet
Wu Jian
Yredelemnul
The Shining One

Shops:
D:8

! #..
#######.################
#.........h.............
.#####.####.####...###.
#.# #.# #$### ## #h# #.#
#..$##### #r# #.#
#...$.... #######Y# #..
###.....# .......@# ###
.... .######## .....
...... . . P ). $ .. .#


You could see an elephant (fast), a black bear and a friendly river rat.


Message History

Casting: Searing Ray (safe; 1% risk of failure)
Confirm with . or Enter, or press ? or * to list all spells.
Aiming: Searing Ray (safe; 1% risk of failure)
Press: ? - help, Shift-Dir - straight line, f/p - elephant
Aim: an elephant (heavily wounded, 0% to evade)
The searing ray hits the elephant!
The searing ray misses the black bear. (Press . to maintain the ray.)
The elephant tramples you.
You stumble backwards! 😕 HP[-3] MP[-2]
You take 3 damage, and now have 63/76 hp.
You lost 2 mp, and now have 7/18 mp.
You hit the elephant but do no damage.
The elephant seems to speed up.
You headbutt the elephant, but do no damage.
The elephant tramples you!
You stumble backwards! 😮 HP[-7]
You take 7 damage, and now have 56/76 hp.
You hit the elephant but do no damage.
The elephant is poisoned.
You headbutt the elephant. The elephant barely misses you. x2
The elephant tramples you!
You stumble backwards! 😮 HP[-11] MP[-2]
You take 11 damage, and now have 45/76 hp.
You lost 2 mp, and now have 5/18 mp.
You hit the elephant.
Space bends around the elephant.
You headbutt the elephant, but do no damage.
The elephant tramples you but does no damage.
The elephant trunk-slaps you but does no damage.
The elephant tramples you but does no damage.
The elephant trunk-slaps you but does no damage. 😮 HP[+1] 😮 MP[+1]
The elephant tramples you!
* * * LOW HITPOINT WARNING * * *
You stumble backwards! 😨 HP[-14] MP[-2]
You take 14 damage, and now have 32/76 hp.
You lost 2 mp, and now have 4/18 mp.
Casting: Searing Ray (safe; 1% risk of failure)
Confirm with . or Enter, or press ? or * to list all spells.
You erupt in a blast of force!
The mystic blast hits the elephant.
You hear a shout! x5
The elephant barely misses you.
The elephant trunk-slaps you but does no damage.
You hear a shout! x4 😨 MP[-4]
You lost 4 mp, and now have 0/18 mp.
Aiming: Paralyse
Press: ? - help, Shift-Dir - straight line, f/p - elephant
Aim: an elephant (severely wounded, fast, poisoned, chance to affect: 15%)
The elephant resists with almost no effort.
You hear a shout!
The elephant tramples you but does no damage.
The elephant misses you. x2; The elephant trunk-slaps you.
* * * LOW HITPOINT WARNING * * *
A river rat scurries out from under your cloak.
You hear a shout! 😨 MP[+1]
Your river rat barely misses the elephant.
The elephant looks more healthy.
The elephant tramples you but does no damage.
The elephant trunk-slaps you.
* * * LOW HITPOINT WARNING * * *
😨 HP[-3]
You take 3 damage, and now have 29/76 hp. 😨 MP[+1]
The black bear bites your river rat. The black bear claws your river rat.
The black bear claws your river rat but does no damage.
The elephant tramples you!
* * * LOW HITPOINT WARNING * * *
You stumble backwards! 😱 HP[-10] MP[-1]
You take 10 damage, and now have 19/76 hp.
You lost 1 mp, and now have 1/18 mp.
You hit the elephant but do no damage.
The elephant tramples you but does no damage.
The elephant completely misses you. The elephant tramples you!
* * * LOW HITPOINT WARNING * * *
You stumble backwards! 😱 HP[-13] MP[-1]
You take 13 damage, and now have 6/76 hp.
You lost 1 mp, and now have 0/18 mp.
Aiming: Paralyse
Press: ? - help, Shift-Dir - straight line, f/p - elephant
Aim: an elephant (severely wounded, fast, chance to affect: 15%)
The elephant resists with almost no effort.
The elephant tramples you but does no damage.
The elephant barely misses you. 😱 MP[+1]
Aiming: Paralyse
Press: ? - help, Shift-Dir - straight line, f/p - elephant
Aim: an elephant (severely wounded, fast, chance to affect: 15%)
The elephant resists with almost no effort.
The elephant barely misses you.
The elephant trunk-slaps you but does no damage.
The elephant tramples you!
You die...
Your body crumbles into a pile of gold.

Skill      XL: |  1  2  3  4  5  6  7  8  9 |
---------------+----------------------------+-----
Fighting       | 1 2 3 4 5 |  5.8
Conjurations   | 5 6 7 |  7.8
Spellcasting   | 3 4 5 |  5.8
Translocations | 2 3 4 6 |  6.7
Hexes          | 1 3 4 6 |  6.9
Dodging        | |  1.7
Stealth        | |  1.7

Action                   |  1- 3 |  4- 6 |  7- 9 | 10-12 || total
-------------------------+-------+-------+-------+-------++-------
Melee: Unarmed           |     9 |       |       |       ||     9
       Dagger            |    13 |    16 |    24 |       ||    53
       Headbutt          |     1 |     3 |     5 |     3 ||    12
       Whip              |       |       |     9 |     7 ||    16
Throw: Javelin           |     4 |       |     2 |       ||     6
 Cast: Magic Dart        |    53 |    84 |   158 |     9 ||   304
       Searing Ray       |     1 |    22 |    57 |     6 ||    86
       Fulminant Prism   |       |       |     2 |       ||     2
       Iskenderun's Myst |       |       |       |     1 ||     1
Evoke: Wand              |       |       |       |     3 ||     3
  Use: Scroll            |       |       |     8 |     1 ||     9
Armor: Robe              |    12 |    10 |    26 |       ||    48
       Steam dragon scal |       |       |    19 |    13 ||    32
Dodge: Dodged            |    16 |    27 |    75 |    13 ||   131

Levels and vault maps discovered:
D:1:      nzn_arrival_water_spiral, layout_loops_ring, minmay_cupped
D:2:      layout_basic
D:3:      layout_rooms, gammafunk_ghost_nasty_kobolds
D:4:      layout_loops_corners, minmay_temple_entry_mist,
          minmay_misc_feat_rugged
D:5:      wander_guarded_unrand_ratskin, layout_basic, lemuel_doored_altar,
          dk_noncrumbling_4, uniq_blork_the_orc, uniq_grinder
D:6:      layout_loops_ring, hex_medium, uniq_prince_ribbit1, uniq_menkaure
D:7:      layout_loops_corners, uniq_maggie
D:8:      layout_basic, serial_shops, shop_statue
D:9:      layout_loops_ring, david_lair_generic, david_orc_4
Temple:   dpeg_three_leaves_temple

Notes
Turn   | Place    | Note
-------+----------+-------------------------------------------
     0 | D:1      | phalm the Demonspawn Conjurer began the quest for the Orb.
     0 | D:1      | Reached XP level 1. HP: 13/13 MP: 3/3
     0 | D:1      | magus.rc [v1.9.10]
   536 | D:1      | Gained mutation: When hurt, damage is shared between your
                  | health and your magic reserves. [demonic ancestry]
   536 | D:1      | Reached XP level 2. HP: 20/20 MP: 0/5
   999 | D:2      | Reached skill level 1 in Fighting
  1247 | D:2      | Gained mutation: You have a pair of small horns on your
                  | head. [demonic ancestry]
  1247 | D:2      | Reached XP level 3. HP: 26/26 MP: 2/6
  1317 | D:2      | Learned a level 2 spell: Searing Ray
  1574 | D:2      | Gained mutation: You have a pair of horns on your head.
                  | [demonic ancestry]
  1574 | D:2      | Reached XP level 4. HP: 32/32 MP: 3/7
  1708 | D:2      | Reached skill level 5 in Conjurations
  2331 | D:3      | Found a runed translucent gate.
  2331 | D:3      | Found a runed translucent gate.
  2331 | D:3      | Found a runed translucent gate.
  2332 | D:3      | Noticed a big kobold
  2332 | D:3      | Identified the +3 whip "Sidintit" {chaos, Int+4 Dex+5
                  | Stlth+}
  2332 | D:3      | Noticed dtburroughs's ghost (amateur MiBe)
  2363 | D:3      | Reached skill level 2 in Fighting
  2402 | D:3      | Gained mutation: You regenerate magic rapidly. [demonic
                  | ancestry]
  2402 | D:3      | Reached XP level 5. HP: 38/38 MP: 0/9
  2498 | D:3      | Reached skill level 3 in Spellcasting
  3102 | D:4      | Learned a level 4 spell: Iskenderun's Mystic Blast
  3474 | D:4      | Reached XP level 6. HP: 46/46 MP: 5/10
  3553 | D:4      | Reached skill level 1 in Translocations
  3962 | D:4      | Found a staircase to the Ecumenical Temple.
  3970 | Temple   | Entered the Ecumenical Temple
  3977 | Temple   | Became a worshipper of Gozag Ym Sagoz the Greedy
  4090 | D:4      | Reached skill level 3 in Fighting
  4136 | D:4      | Learned a level 4 spell: Fulminant Prism
  4189 | D:5      | Entered Level 5 of the Dungeon
  4233 | D:5      | Reached skill level 6 in Conjurations
  4233 | D:5      | Reached skill level 2 in Translocations
  4286 | D:5      | Reached skill level 1 in Hexes
  4349 | D:5      | Found a radiant altar of Vehumet.
  4382 | D:5      | Gained mutation: You are partially covered in iridescent
                  | scales. (AC +2) [demonic ancestry]
  4382 | D:5      | Reached XP level 7. HP: 52/52 MP: 7/12
  4462 | D:5      | Noticed Blork the orc
  4474 | D:5      | Killed Blork the orc
  4767 | D:5      | Noticed Grinder
  4900 | D:6      | Reached skill level 2 in Hexes
  5060 | D:6      | Noticed Prince Ribbit
  5126 | D:6      | Reached skill level 3 in Translocations
  5185 | D:5      | Reached skill level 4 in Spellcasting
  5285 | D:5      | Paralysed by Grinder for 3 turns
  5288 | D:5      | Killed Grinder
  5289 | D:5      | Reached skill level 3 in Hexes
  5289 | D:5      | Gained mutation: You have a pair of large horns on your
                  | head. [demonic ancestry]
  5289 | D:5      | Reached XP level 8. HP: 56/60 MP: 6/14
  5390 | D:5      | Reached skill level 4 in Fighting
  5633 | D:5      | Reached skill level 4 in Translocations
  5732 | D:5      | Found the +2 ratskin cloak {*Rats rPois rN+ Str-1 Int-1
                  | Dex+1}
  6046 | D:6      | Reached skill level 4 in Hexes
  6190 | D:6      | Noticed Menkaure
  6201 | D:6      | Killed Menkaure
  6251 | D:6      | Killed Prince Ribbit
  6647 | D:7      | Reached XP level 9. HP: 66/66 MP: 16/16
  6685 | D:7      | Reached skill level 7 in Conjurations
  6685 | D:7      | Reached skill level 5 in Translocations
  6798 | D:7      | Noticed Maggie
  6809 | D:7      | Killed Maggie
  6810 | D:7      | Reached skill level 5 in Hexes
  7004 | D:7      | Reached skill level 5 in Spellcasting
  7177 | D:7      | You pick up a book of Misfortune and begin reading...
  7177 | D:7      | You add the spells Confusing Touch, Gell's Gravitas,
                  | Petrify, Metabolic Englaciation and Yara's Violent
                  | Unravelling to your library.
  7583 | D:7      | Reached skill level 5 in Fighting
  8039 | D:3      | Killed dtburroughs's ghost
  8234 | D:8      | Reached skill level 6 in Hexes
  8255 | D:8      | Reached skill level 6 in Translocations
  8567 | D:8      | Found Izegoqoihe's Distillery.
  8573 | D:8      | Bought a potion of magic for 88 gold pieces
  8573 | D:8      | Bought a potion of curing for 33 gold pieces
  8573 | D:8      | Bought a potion of might for 44 gold pieces
  8573 | D:8      | Bought a potion of heal wounds for 55 gold pieces
  8827 | D:8      | Noticed a two-headed ogre
  8833 | D:8      | Killed a two-headed ogre
  8834 | D:8      | Reached XP level 10. HP: 76/76 MP: 11/18
  9030 | D:9      | Noticed an elephant
  9058 | D:9      | HP: 19/76 [elephant (10)]
  9059 | D:9      | HP: 6/76 [elephant (14)]
  9061 | D:9      | Slain by an elephant

Vanquished Creatures
  A two-headed ogre (D:8)
  Maggie (D:7)
  Prince Ribbit (D:6)
  Grinder (D:5)
  A wyvern (D:9)
  Menkaure (D:6)
  An orc warrior (D:8)
  2 ice beasts
  The ghost of dtburroughs the Skirmisher, an amateur MiBe of Trog (D:3)
  A black bear (D:9)
  A phantom (D:8)
  2 ogres
  An eye of draining (D:8)
  A necrophage (D:9)
  A centaur (D:5)
  A big kobold (D:3)
  5 bullfrogs
  Blork the orc (D:5)
  2 scorpions
  A centaur zombie (D:7)
  A jelly (D:5)
  A bullfrog zombie (D:5)
  A centaur skeleton (D:5)
  3 hounds
  8 orc priests
  3 bullfrog skeletons
  13 orc wizards
  2 iguanas (D:5)
  A hell rat (D:5)
  7 worker ants
  A killer bee zombie (D:7)
  9 adders
  6 river rats (D:5)
  2 white imps
  4 ufetubi
  3 oozes
  An adder zombie (D:9)
  3 worms
  3 dart slugs
  3 leopard geckos
  36 orcs
  5 bats
  6 giant cockroaches
  5 goblins
  4 hobgoblins
  4 jackals (D:2)
  A quokka (D:8)
  3 frilled lizards
  10 kobolds
  A quokka skeleton (D:6)
  A quokka zombie (D:4)
  19 rats
197 creatures vanquished.

Vanquished Creatures (collateral kills)
  2 orcs (D:7)
2 creatures vanquished.

Vanquished Creatures (others)
  2 fulminant prisms (D:3)
2 creatures vanquished.

Grand Total: 201 creatures vanquished

Table legend:
 A = Non-vault XP
 B = Vault XP
 C = Vault XP percentage of total XP
 D = Non-vault monster count
 E = Vault monster count
 F = Vault count percentage of total count
                 A         B        C        D         E       F
            +---------+---------+-------+---------+---------+-------
      Total |    4613 |    1914 |  29.3 |     162 |      37 |  18.6
            +---------+---------+-------+---------+---------+-------
        D:1 |      17 |       4 |  19.0 |       9 |       2 |  18.2
        D:2 |     109 |       0 |   0.0 |      25 |       0 |   0.0
        D:3 |     176 |     234 |  57.1 |      21 |       7 |  25.0
        D:4 |     258 |       0 |   0.0 |      15 |       0 |   0.0
        D:5 |     631 |     488 |  43.6 |      17 |      23 |  57.5
        D:6 |     614 |     469 |  43.3 |      26 |       2 |   7.1
        D:7 |     755 |     379 |  33.4 |      24 |       1 |   4.0
        D:8 |    1797 |       0 |   0.0 |      21 |       0 |   0.0
        D:9 |     256 |     340 |  57.0 |       4 |       2 |  33.3
            +---------+---------+-------+---------+---------+-------

Illustrated notes

Table legend:
 A = Kills in this place as a percentage of kills in entire the game.
 B = Kills by you in this place as a percentage of kills by you in the entire game.
 C = Kills by friends in this place as a percentage of kills by friends in the entire game.
 D = Other kills in this place as a percentage of other kills in the entire game.
 E = Experience gained in this place as a percentage of experience gained in the entire game.
 F = Experience gained in this place divided by the number of levels of this place that you have seen.
                   A       B       C       D       E      F
               +-------+-------+-------+-------+-------+----------------------
         Total | 100.0 | 100.0 | 100.0 |   N/A | 100.0 | 652.7
       Dungeon | 100.0 | 100.0 | 100.0 |   N/A | 100.0 | 725.2
               +-------+-------+-------+-------+-------+----------------------

Table legend: (Time is in decaauts)
 A = Elapsed time spent in this place.
 B = Non-inter-level travel time spent in this place.
 C = Inter-level travel time spent in this place.
 D = Time resting spent in this place.
 E = Time spent auto-exploring this place.
 F = Levels seen in this place.
 G = Mean time per level.
                   A        B        C        D        E       F      G
               +--------+--------+--------+--------+--------+-----+--------+
         Total |   9081 |   8632 |    449 |     43 |   7318 |  10 |  908.1 |
       Dungeon |   9067 |   8618 |    449 |     43 |   7318 |   9 | 1007.4 |
        Temple |     14 |     14 |      0 |      0 |      0 |   1 |   14.0 |
               +--------+--------+--------+--------+--------+-----+--------+

Top non-repeatable levels by time:
     D:7: 1479 daAuts
     D:5: 1283 daAuts
     D:2: 1259 daAuts
     D:6: 1157 daAuts
     D:4: 1147 daAuts
     D:3: 1099 daAuts
     D:1: 908 daAuts
     D:8: 636 daAuts
     D:9: 96 daAuts
  Temple: 14 daAuts
